 Dungeon Sprint DCSS version 0.28-a0-1382-g92835e5c71 (webtiles) character file.

Game seed: 3928027198766405705

218055 mhtbhm the Conqueror (level 17, -21/256 HPs)
             Began as a Minotaur Berserker on Jan 2, 2022.
             Was the Champion of Trog.
             Killed from afar by a hellion (29 damage)
             ... with damnation
             ... in the Dungeon (Sprint III: "The Ten Rune Challenge").
             The game lasted 00:36:08 (15070 turns).

mhtbhm the Conqueror (Minotaur Berserker)          Turns: 15070, Time: 00:36:08

Health: -21/256    AC: 29    Str: 29    XL:     17   Next: 5%
Magic:  23/23      EV: 20    Int: 10    God:    Trog [******]
Gold:   4765       SH: 32    Dex: 14    Spells: 16/16 levels left

rFire   + + .      SeeInvis +   U - +1 morningstar "Xucanij" {holy, rC++}
rCold   + . .      Faith    .   u - +2 tower shield {AC+3}
rNeg    + + .      Spirit   .   b - +2 plate armour {rF+}
rPois   .          Reflect  +   i - +0 hat "Cian" {Rampage rN+ SInv Stlth+}
rElec   .          Harm     .   H - +1 cloak {Will+}
rCorr   .          Rampage  +   V - +2 pair of gloves {Dex+3}
Will    ++++.      NoTele   +   (no boots)
Stlth   ..........              t - amulet of reflection
HPRegen 1.52/turn               r - ring of flight
MPRegen 0.18/turn               J - ring of Gam Bour {Fire rN+ MP+9 Int+6}

@: berserking, strong-willed, flying, regenerating, studying Short Blades, very
quick
A: horns 2, retaliatory headbutt, fangs 1, deformed body, frail 1, low mp 1
}: 4/10 runes: serpentine, barnacled, silver, golden
a: Renounce Religion, Berserk, Trog's Hand, Brothers in Arms


You were in the Dungeon.
You worshipped Trog.
Trog was exalted by your worship.
You visited 1 branch You collected 7117 gold pieces.
You spent 2352 gold pieces at shops.

Inventory:

Hand Weapons
 a - the +9 eveningstar of Trog's Outrage {vorpal, rPois}
   (Trog gifted it to you in the Dungeon)

   It inflicts extra damage upon your enemies.
   rPois:     It protects you from poison.
 q - the +10 dark maul {vorpal}
   (Trog gifted it to you in the Dungeon)

   It inflicts extra damage upon your enemies.
 B - the +7 lajatang of Order {silver, rMut}
   (You found it in the Dungeon)

   It inflicts extra damage upon those it strikes, and deals substantially
   increased damage to chaotic, mutated and magically transformed beings.
   rMut:      It protects you from mutation.
 S - the +11 great mace of Faires {vamp, *Rage rElec Str+2}
   (You found it in the Dungeon)

   It occasionally heals its wielder for a portion of the damage dealt when it
   wounds a living foe.
   Str:       It affects your strength (+2).
   rElec:     It insulates you from electricity.
   *Rage:     It berserks you when you make melee attacks (+20% chance).
 U - the +1 morningstar "Xucanij" (weapon) {holy, rC++}
   (You found it in the Dungeon)

   It has been blessed by the Shining One to cause great damage to the undead
   and demons.
   rC:        It greatly protects you from cold.
Missiles
 j - 6 curare-tipped darts (quivered)
 p - 8 javelins
 P - 10 datura-tipped darts
 T - 2 atropa-tipped darts
Armour
 b - a +2 plate armour of fire resistance (worn)
 d - a +1 hat of willpower
 i - the +0 hat "Cian" (worn) {Rampage rN+ SInv Stlth+}
   (You acquired it in the Dungeon)

   rN:        It protects you from negative energy.
   SInv:      It lets you see invisible.
   Rampage:   It bestows one free step when moving towards enemies.
   Stlth:     It makes you more stealthy.
 u - a +2 tower shield of protection (worn)
 H - a +1 cloak of willpower (worn)
 V - a +2 pair of gloves of dexterity (worn)
Jewellery
 r - a ring of flight (left hand)
 t - an amulet of reflection (around neck)
 I - a +4 ring of protection
 J - the ring of Gam Bour (right hand) {Fire rN+ MP+9 Int+6}
   (You found it in the Dungeon)

   [ring of fire]

   It enhances your fire magic.
   Int:       It affects your intelligence (+6).
   rF:        It protects you from fire.
   rC:        It makes you vulnerable to cold.
   rN:        It protects you from negative energy.
   MP:        It affects your magic capacity (+9).
 K - the ring "Izounym" {rPois rCorr}
   (You took it off a deep elf demonologist in the Dungeon)

   [ring of resist corrosion]

   rPois:     It protects you from poison.
   rCorr:     It protects you from acid and corrosion.
 L - the ring "Fechaigu" {rElec rPois Int-3 Dex+4 Stlth+}
   (You took it off a deep elf death mage in the Dungeon)

   [ring of poison resistance]

   Int:       It affects your intelligence (-3).
   Dex:       It affects your dexterity (+4).
   rElec:     It insulates you from electricity.
   rPois:     It protects you from poison.
   Stlth:     It makes you more stealthy.
 M - the ring of Zyitwegg {+Blink rPois rC+ Dex+3 SInv}
   (You acquired it in the Dungeon)

   [ring of see invisible]

   Dex:       It affects your dexterity (+3).
   rC:        It protects you from cold.
   rPois:     It protects you from poison.
   SInv:      It lets you see invisible.
   +Blink:    It lets you blink.
Wands
 A - a wand of iceblast (15)
Scrolls
 l - 2 scrolls of immolation
 v - a scroll of fog
 x - 3 scrolls of enchant armour
 y - a scroll of enchant weapon
 z - 2 scrolls of fear
 G - a scroll of silence
 O - a scroll of brand weapon
Potions
 c - 9 potions of curing
 f - 2 potions of magic
 k - 5 potions of flight
 m - 3 potions of mutation
 s - 4 potions of lignification
 w - 6 potions of heal wounds
 C - 2 potions of might
 Q - a potion of resistance
 R - a potion of brilliance {unknown}
 W - a potion of invisibility
Miscellaneous
 e - the horn of Geryon
 n - a box of beasts
 o - a condenser vane
 D - a phantom mirror
 E - a box of beasts
 F - a tin of tremorstones (2/2)


   Skills:
 O Level 27 Fighting
 O Level 27 Maces & Flails
 + Level 8.9 Throwing
 O Level 27 Armour
 O Level 27 Dodging
 - Level 8.2 Stealth
 O Level 27 Shields
 + Level 19.0 Evocations


You had 16 spell levels left.
You didn't know any spells.
Your spell library was empty.

Dungeon Overview and Level Annotations

Branches:
Dungeon (1/1)

Altars:
Cheibriados
Dithmenos
Elyvilon
Fedhas
Gozag
Hepliaklqana
Kikubaaqudgha
Makhleb
Nemelex Xobeh
Okawaru
Qazlal
Ru
Sif Muna
Trog
Uskayaw
Vehumet
Wu Jian
Xom
Yredelemnul
Zin
The Shining One
Beogh
Jiyva
Lugonu

Shops:
D [!:(:?:!!!!!=!!([=(:?(*


Innate Abilities, Weirdness & Mutations

You have a pair of horns on your head.
You reflexively headbutt those who attack you in melee.
You have very sharp teeth.
Armour fits poorly on your strangely shaped body.
You are frail. (-10% HP)
Your magical capacity is low. (-10% MP)


Message History

The hellion moves out of view.
The hellion gives a hideous shriek!
Found a scroll of immolation and a scroll of identify.
You rampage towards the hellion!
The hellion gestures at you.
The sphere of damnation explodes!
The damnation engulfs you!! The hellion gestures at you.
The sphere of damnation explodes!
The damnation engulfs you! The hellion gestures at you.
The sphere of damnation explodes!
The damnation engulfs you!!
* * * LOW HITPOINT WARNING * * *
The hellion gestures at you.
The sphere of damnation explodes!
The damnation engulfs you!
* * * LOW HITPOINT WARNING * * *
Unknown command.
Okay, then.
Okay, then.
You feel much better. The hellion gestures at you.
The sphere of damnation explodes!
The damnation engulfs you!!
* * * LOW HITPOINT WARNING * * *
Unknown command.
Blink to where?
Press: ? - help, Dir - move target, p - hellion
Found a bloodstained great mace and 6 scrolls of enchant weapon.
As you read the scroll of blinking, it crumbles to dust.
You block the hellion's attack. x2; The hellion barely misses you.
The hellion gestures at you.
The sphere of damnation explodes!
The damnation engulfs you!!
* * * LOW HITPOINT WARNING * * *
The damnation engulfs the hellion.
The hellion completely resists.
The damnation engulfs the hellion.
The hellion completely resists.
The damnation engulfs the hellion.
The hellion completely resists.
The damnation engulfs the hellion.
The hellion completely resists.
Unknown command.
A red film seems to cover your vision as you go berserk!
You feel yourself moving faster!
You feel mighty! The hellion gestures at you.
The sphere of damnation explodes!
The damnation engulfs you!!
You die...

▓...≈≈≈≈≈
▓....≈≈≈≈
▓...≈≈≈≈≈
▓.≈≈≈≈≈≈≈
▓≈≈≈≈≈≈≈≈
▓.≈≈≈≈≈≈≈
▓▓▓▓▓▓▓▓▓
##############
#≈.!$2@?.[)?φ#
#≈≈.2222.###▓#
#≈§≈≈(2..≈≈≈≈#
#.≈≈≈≈§≈§§§§.#
#.§≈§≈§≈§§§≈.#
#.§○§§§≈§§...#
#§°.§.§§§§...#
#○.☼.§§§§§...#
#8.§§§§§§...8#


You could see 6 hellions.

Vanquished Creatures
  the Serpent of Hell (D)
  Mennas (D)
  Mara (D)
  2 royal mummies (D)
  Boris (D)
  Frederick (D)
  Nikola (D)
  A Brimstone Fiend (D)
  A lich (D)
  Rupert (D)
  A quicksilver dragon (D)
  4 deep elf blademasters (D)
  Gastronok (D)
  Polyphemus (D)
  2 sphinxes (D)
  An ancient champion (D)
  An Executioner (D)
  Harold (D)
  Chuck (D)
  Ilsuiw (D)
  A fire giant (D)
  4 shadow dragons (D)
  A storm dragon (D)
  Roxanne (D)
  4 azure jellies (D)
  A nagaraja (D)
  A frost giant (D)
  5 stone giants (D)
  Nessos (D)
  2 vampire knights (D)
  3 deep elf demonologists (D)
  Azrael (D)
  2 dire elephants (D)
  A deep elf annihilator (D)
  A yellow draconian (D)
  10 mummy priests (D)
  A fire dragon (D)
  2 deep elf death magi (D)
  Snorg (D)
  A merfolk javelineer (D)
  2 hydras (D)
  4 yaktaur captains (D)
  17 vault guards (D)
  A naga warrior (D)
  2 hell beasts (D)
  4 anacondas (D)
  An ogre mage (D)
  3 centaur warriors (D)
  4 dancing weapons (D)
  Urug (D)
  4 death yaks (D)
  3 orc high priests (D)
  2 titan zombies (D)
  4 deep elf knights (D)
  2 soul eaters (D)
  2 sun demons (D)
  A shadow wraith (D)
  8 skeletal warriors (D)
  An anaconda zombie (D)
  A death drake (D)
  A glowing orange brain (D)
  A golden dragon zombie (D)
  A spriggan druid (D)
  A sea snake (D)
  An orb spider (shapeshifter) (D)
  2 obsidian statues (D)
  A lindwurm (D)
  A lindwurm (shapeshifter) (D)
  2 deep elf pyromancers (D)
  Joseph (D)
  2 orc knights (D)
  2 deep elf zephyrmancers (D)
  4 crystal guardians (D)
  A faun (shapeshifter) (D)
  An orc sorcerer (D)
  2 oklob plants (D)
  A shining eye (D)
  2 stone giant skeletons (D)
  2 elephants (D)
  5 ugly things (D)
  A guardian serpent (D)
  A molten gargoyle (D)
  8 statues (D)
  2 cane toads (D)
  6 black mambas (D)
  An unseen horror (D)
  A komodo dragon (D)
  11 yaktaurs (D)
  A rime drake (D)
  2 ice devils (D)
  A merfolk (shapeshifter) (D)
  15 guardian mummies (D)
  4 spriggan defenders (D)
  8 blink frogs (D)
  2 tyrant leeches (D)
  A queen bee (D)
  3 hornets (D)
  10 slime creatures (D)
  A slime creature (shapeshifter) (D)
  3 dream sheep (D)
  2 spriggans (D)
  A shadow (D)
  3 wandering mushrooms (D)
  3 redbacks (D)
  A golden eye (D)
  2 iron troll simulacra (D)
  2 nagas (D)
  A spatial vortex (D)
  4 water moccasins (D)
  A floating eye (D)
  A swamp drake (D)
  An orc warrior (D)
  A fire dragon simulacrum (D)
  A necrophage (D)
  A black mamba simulacrum (D)
  2 centaurs (D)
  A water elemental (D)
  32 killer bees (D)
  4 electric eels (D)
  2 orc priests (D)
  A jelly (D)
  Jessica (D)
  A wizard (D)
  A necromancer (D)
  2 orc wizards (D)
  2 wolf simulacra (D)
  3 humans (D)
  A kobold demonologist (D)
  6 adders (D)
  A phantom (D)
  8 orcs (D)
  An endoplasm (D)
  2 rats (D)
  A bush (D)
  7 butterflies (D)
  3 plants (D)
359 creatures vanquished.

Vanquished Creatures (collateral kills)
  Geryon (D)
  A mummy priest (D)
  An orc warrior (D)
  An earth elemental (D)
  An orc priest (D)
  2 orc wizards (D)
  An orc (D)
8 creatures vanquished.

Vanquished Creatures (others)
  2 yaktaurs (D)
  3 electric eels (D)
  5 ball lightnings (D)
  4 ballistomycete spores (D)
  30 plants (D)
44 creatures vanquished.

Grand Total: 411 creatures vanquished

Notes
Turn   | Place    | Note
-------+----------+-------------------------------------------
     0 | D        | mhtbhm the Minotaur Berserker began the quest for the Orb.
     0 | D        | Reached XP level 1. HP: 19/19 MP: 0/0
    23 | D        | Reached ** piety under Trog
    26 | D        | Noticed Jessica
    33 | D        | Killed Jessica
    34 | D        | Reached skill level 5 in Fighting
    34 | D        | Reached skill level 5 in Maces & Flails
    34 | D        | Reached XP level 2. HP: 30/30 MP: 1/1
    34 | D        | Reached XP level 3. HP: 37/37 MP: 2/2
   179 | D        | Noticed a water elemental
   185 | D        | Killed a water elemental
   185 | D        | Reached *** piety under Trog
   186 | D        | Reached XP level 4. HP: 43/47 MP: 3/3
   305 | D        | Found a basalt altar of Yredelemnul.
   305 | D        | Found a shadowy altar of Dithmenos.
   305 | D        | Found a sacrificial altar of Ru.
   305 | D        | Noticed a necrophage
   309 | D        | Killed a necrophage
   310 | D        | Reached XP level 5. HP: 56/56 MP: 4/4
   313 | D        | Reached skill level 5 in Armour
   357 | D        | Found a glowing silver altar of Zin.
   357 | D        | Found a glowing golden altar of the Shining One.
   357 | D        | Found a white marble altar of Elyvilon.
   358 | D        | Noticed a deep elf pyromancer
   367 | D        | Noticed a fire elemental
   367 | D        | Killed a deep elf pyromancer
   367 | D        | Reached **** piety under Trog
   368 | D        | Reached XP level 6. HP: 70/70 MP: 5/5
   368 | D        | Reached XP level 7. HP: 75/75 MP: 6/6
   411 | D        | Found a radiant altar of Vehumet.
   411 | D        | Found a shimmering blue altar of Sif Muna.
   411 | D        | Found an ancient bone altar of Kikubaaqudgha.
   607 | D        | Found a hide-covered altar of Uskayaw.
   607 | D        | Found an iron altar of Okawaru.
   607 | D        | Found a bloodstained altar of Trog.
   607 | D        | Found an ornate altar of the Wu Jian Council.
   607 | D        | Noticed a human
   608 | D        | Noticed a human
   612 | D        | Killed a human
   612 | D        | Reached ***** piety under Trog
   619 | D        | Killed a human
   921 | D        | Noticed a shadow
   931 | D        | Killed a shadow
   932 | D        | Reached XP level 8. HP: 49/86 MP: 7/7
  1175 | D        | Found a blossoming altar of Fedhas.
  1175 | D        | Found a stormy altar of Qazlal.
  1175 | D        | Found a snail-covered altar of Cheibriados.
  1175 | D        | Found a burning altar of Makhleb.
  1175 | D        | Found a shimmering altar of Xom.
  1176 | D        | Found a hazy altar of Hepliaklqana.
  1176 | D        | Found an opulent altar of Gozag.
  1176 | D        | Found a sparkling altar of Nemelex Xobeh.
  1176 | D        | Found a corrupted altar of Lugonu.
  1176 | D        | Found a viscous altar of Jiyva.
  1234 | D        | Noticed Snorg
  1241 | D        | Killed Snorg
  1242 | D        | Reached skill level 15 in Maces & Flails
  1248 | D        | Reached XP level 9. HP: 25/96 MP: 8/8
  1517 | D        | Noticed a centaur warrior
  1524 | D        | Killed a centaur warrior
  1525 | D        | Reached skill level 15 in Fighting
  1525 | D        | Reached skill level 1 in Stealth
  1815 | D        | Killed an unseen horror
  1815 | D        | Received a gift from Trog
  1982 | D        | Noticed a wandering mushroom
  1989 | D        | Noticed a wandering mushroom
  1991 | D        | Noticed a wandering mushroom
  2378 | D        | Noticed a cane toad
  2378 | D        | Noticed a komodo dragon
  2378 | D        | Noticed a cane toad
  2384 | D        | Killed a cane toad
  2385 | D        | Reached skill level 10 in Dodging
  2389 | D        | Killed a cane toad
  2390 | D        | Reached XP level 10. HP: 105/108 MP: 9/9
  3021 | D        | Received a gift from Trog
  3238 | D        | Noticed a lindwurm
  3243 | D        | Killed a lindwurm
  3390 | D        | Noticed Urug
  3400 | D        | Killed Urug
  3657 | D        | Noticed an eight-headed hydra
  3658 | D        | Noticed a five-headed hydra
  3667 | D        | Killed an eight-headed hydra
  3669 | D        | Killed a five-headed hydra
  3669 | D        | Identified the +2 rapier of Plunder {vorpal, Drain rF+
                  | Str+3} (Trog gifted it to you in the Dungeon)
  3669 | D        | Received a gift from Trog
  3887 | D        | Noticed a death drake
  3892 | D        | Killed a death drake
  4264 | D        | Reached XP level 11. HP: 121/121 MP: 10/10
  4264 | D        | Reached ****** piety under Trog
  4280 | D        | Identified the +9 eveningstar of Trog's Outrage {vorpal,
                  | rPois} (Trog gifted it to you in the Dungeon)
  4280 | D        | Received a gift from Trog
  4554 | D        | Noticed Rupert
  4560 | D        | Killed Rupert
  4667 | D        | Noticed a death yak
  4667 | D        | Noticed a death yak
  4676 | D        | Noticed a death yak
  4677 | D        | Killed a death yak
  4682 | D        | Noticed a death yak
  4686 | D        | Killed a death yak
  4691 | D        | Killed a death yak
  4695 | D        | Killed a death yak
  4703 | D        | Received a gift from Trog
  4703 | D        | Found the +10 dark maul {vorpal}
  4853 | D        | Noticed an azure jelly
  4853 | D        | Noticed an azure jelly
  4924 | D        | Noticed Polyphemus
  4946 | D        | Killed Polyphemus
  4947 | D        | Reached skill level 5 in Stealth
  5327 | D        | Noticed a dire elephant
  5327 | D        | Noticed a dire elephant
  5327 | D        | Noticed Gastronok
  5331 | D        | Reached skill level 1 in Evocations
  5331 | D        | Reached XP level 12. HP: 136/136 MP: 11/11
  5335 | D        | Killed a dire elephant
  5335 | D        | Received a gift from Trog
  5336 | D        | Reached skill level 10 in Armour
  5342 | D        | Killed a dire elephant
  5348 | D        | Killed Gastronok
  5546 | D        | Received a gift from Trog
  5559 | D        | Received a gift from Trog
  5570 | D        | Received a gift from Trog
  5582 | D        | Received a gift from Trog
  5647 | D        | Found Qorgh's Book Shoppe.
  5647 | D        | Noticed an orc high priest
  5652 | D        | Killed an orc high priest
  5652 | D        | Received a gift from Trog
  5668 | D        | Received a gift from Trog
  5670 | D        | Reached skill level 15 in Dodging
  5887 | D        | Identified the +2 great mace "Concordance" {flame, rElec
                  | rC+ Will+ Str+3} (Trog gifted it to you in the Dungeon)
  5887 | D        | Received a gift from Trog
  5892 | D        | Noticed a deep elf demonologist
  5893 | D        | Received a gift from Trog
  5895 | D        | Noticed a deep elf demonologist
  5901 | D        | Reached skill level 1 in Throwing
  5904 | D        | Noticed a deep elf demonologist
  5907 | D        | Noticed a deep elf annihilator
  6037 | D        | Identified the ring "Izounym" {rPois rCorr}
  6037 | D        | Noticed a deep elf death mage
  6050 | D        | Noticed a Tzitzimitl
  6104 | D        | Identified the ring "Fechaigu" {rElec rPois Int-3 Dex+4
                  | Stlth+}
  6104 | D        | Noticed a deep elf death mage
  6155 | D        | Noticed Harold
  6155 | D        | Noticed Joseph
  6161 | D        | Killed Harold
  6167 | D        | Killed Joseph
  6439 | D        | Received a gift from Trog
  6544 | D        | Found Lamoto's Antique Armour Emporium.
  6544 | D        | Found Buhy's Antique Weapon Shop.
  6544 | D        | Found Inaw's Assorted Antiques.
  6544 | D        | Found Udatwo Cari's Jewellery Emporium.
  6544 | D        | Found Zaiph's Antique Weapon Shop.
  6544 | D        | Found Runwutuo's Magic Scroll Emporium.
  6544 | D        | Found Cycej's Book Boutique.
  6545 | D        | Found Qeskocroimm's Antique Weapon Boutique.
  6545 | D        | Found Ronn's Distillery.
  6545 | D        | Found Etifopn's Distillery.
  6545 | D        | Found Tovups's Jewellery Emporium.
  6583 | D        | Bought a ring of flight for 175 gold pieces
  6583 | D        | Bought an amulet of reflection for 300 gold pieces
  6607 | D        | Bought a faintly humming scale mail for 216 gold pieces
  6607 | D        | Identified the +3 scale mail of Woxuennu {Harm Dex+4} (You
                  | bought it in a shop in the Dungeon)
  6614 | D        | Bought a runed tower shield for 165 gold pieces
  6618 | D        | Bought a scroll of fog for 26 gold pieces
  6618 | D        | Bought a scroll of fog for 26 gold pieces
  6622 | D        | Bought a potion of heal wounds for 55 gold pieces
  6623 | D        | Bought 2 potions of heal wounds for 110 gold pieces
  6623 | D        | Bought a potion of heal wounds for 55 gold pieces
  6623 | D        | Bought a potion of heal wounds for 55 gold pieces
  6623 | D        | Bought a potion of heal wounds for 55 gold pieces
  6623 | D        | Bought a potion of heal wounds for 55 gold pieces
  6630 | D        | Bought a scroll labelled WURAN MUIS for 24 gold pieces
  6630 | D        | Bought a scroll labelled JARESYWISA for 24 gold pieces
  6630 | D        | Bought a scroll labelled HUFUWN YLYUSS for 24 gold pieces
  6643 | D        | Received a gift from Trog
  6646 | D        | Reached XP level 13. HP: 117/150 MP: 12/12
  6967 | D        | Received a gift from Trog
  6976 | D        | Noticed a fire dragon
  6983 | D        | Killed a fire dragon
  7168 | D        | Reached skill level 1 in Shields
  7171 | D        | Received a gift from Trog
  7493 | D        | Noticed Chuck
  7503 | D        | Killed Chuck
  7507 | D        | Received a gift from Trog
  7827 | D        | Noticed an ancient lich
  7889 | D        | Noticed a mummy priest
  7889 | D        | Noticed a mummy priest
  7902 | D        | Killed a mummy priest
  7902 | D        | Received a gift from Trog
  7915 | D        | Killed a mummy priest
  8081 | D        | Noticed a sphinx
  8081 | D        | Noticed a sphinx
  8089 | D        | Killed a sphinx
  8095 | D        | Killed a sphinx
  8236 | D        | Received a gift from Trog
  8273 | D        | Noticed a mummy priest
  8372 | D        | Killed a mummy priest
  8375 | D        | Gained mutation: You are dopey. (Int -2) [mutagenic glow]
  8390 | D        | Gained mutation: You sometimes lose the ability to read
                  | scrolls when taking damage. [mutagenic glow]
  8733 | D        | Noticed a mummy priest
  8739 | D        | Killed a mummy priest
  8852 | D        | Noticed a mummy priest
  8860 | D        | Killed a mummy priest
  8860 | D        | Received a gift from Trog
  9190 | D        | Reached skill level 15 in Armour
  9351 | D        | Reached XP level 14. HP: 166/166 MP: 13/13
  9362 | D        | Noticed Azrael
  9366 | D        | Killed Azrael
  9367 | D        | Reached skill level 5 in Shields
  9445 | D        | Acquired a +1 cloak of willpower
  9454 | D        | Acquired 810 gold pieces
  9462 | D        | Noticed a reaper
  9465 | D        | Noticed a deep elf blademaster
  9470 | D        | Reached skill level 27 in Fighting
  9472 | D        | Killed a deep elf blademaster
  9483 | D        | Reached skill level 27 in Maces & Flails
  9484 | D        | Received a gift from Trog
  9495 | D        | Identified the ring of Gam Bour {Fire rN+ MP+9 Int+6}
  9501 | D        | Identified the +0 ring mail of Kikubaaqudgha's Grace
                  | {Int+4}
  9502 | D        | Identified the +9 shortbow of Disembowelment {flame, rN+
                  | Will+++ Str-4}
  9753 | D        | Identified the +8 great mace of Qiyf {antimagic, rPois}
                  | (Trog gifted it to you in the Dungeon)
  9753 | D        | Received a gift from Trog
  9779 | D        | Noticed a nagaraja
  9782 | D        | Found Ifedy's Antique Weapon Shop.
  9782 | D        | Found Foxtoegg's Book Shoppe.
  9795 | D        | Killed a nagaraja
  9795 | D        | Received a gift from Trog
  9981 | D        | Found Ycopimam's Magic Scroll Boutique.
  9991 | D        | Bought a scroll of holy word for 105 gold pieces
  9991 | D        | Bought a scroll of enchant armour for 105 gold pieces
  9991 | D        | Bought 2 scrolls of identify for 56 gold pieces
 10007 | D        | Got a serpentine rune of Zot
 10019 | D        | Bought a scroll of brand weapon for 280 gold pieces
 10019 | D        | Bought a scroll of identify for 28 gold pieces
 10079 | D        | Found a blossoming altar of Fedhas.
 10084 | D        | Reached skill level 10 in Shields
 10110 | D        | Received a gift from Trog
 10113 | D        | Identified the +1 morningstar "Xucanij" {holy, rC++}
 10421 | D        | Noticed an azure jelly
 10421 | D        | Noticed an azure jelly
 10432 | D        | Killed an azure jelly
 10436 | D        | Killed an azure jelly
 10440 | D        | Killed an azure jelly
 10443 | D        | Killed an azure jelly
 10543 | D        | Noticed Ilsuiw
 10556 | D        | Killed Ilsuiw
 10611 | D        | Got a barnacled rune of Zot
 10615 | D        | Found Moffygud's Book Emporium.
 10615 | D        | Found Saofaag's Distillery.
 10615 | D        | Found Rekhuwyo's Antique Armour Shoppe.
 10623 | D        | Received a gift from Trog
 10631 | D        | Bought a pair of embroidered gloves for 187 gold pieces
 10632 | D        | Bought a potion of might for 44 gold pieces
 10632 | D        | Bought a potion of might for 44 gold pieces
 10632 | D        | Bought a potion of invisibility for 88 gold pieces
 10779 | D        | Paralysed by an air elemental for 1 turns
 10785 | D        | Paralysed by an air elemental for 1 turns
 10789 | D        | Paralysed by an air elemental for 1 turns
 10877 | D        | Noticed Boris
 10891 | D        | Killed Boris
 10891 | D        | Received a gift from Trog
 10893 | D        | Reached skill level 15 in Shields
 10969 | D        | Found Codiezum's Distillery.
 10969 | D        | Found Olopnoz's Distillery.
 10969 | D        | Found Juixor Cala's Distillery.
 10969 | D        | Found Rucukhleuc's Distillery.
 10986 | D        | Reached XP level 15. HP: 157/174 MP: 14/14
 11205 | D        | Identified Roxanne's Papyrus of Shape Shifting
 11205 | D        | Noticed Roxanne
 11213 | D        | Killed Roxanne
 11251 | D        | Found Haruq's Distillery.
 11256 | D        | Received a gift from Trog
 11363 | D        | Bought a potion of heal wounds for 50 gold pieces
 11393 | D        | Received a gift from Trog
 11517 | D        | Received a gift from Trog
 11576 | D        | Noticed an Executioner
 11579 | D        | Killed an Executioner
 11613 | D        | Noticed Nessos
 11624 | D        | Killed Nessos
 11624 | D        | Received a gift from Trog
 11708 | D        | Lost intelligence.
 11893 | D        | Lost mutation: You sometimes lose the ability to read
                  | scrolls when taking damage. [potion of mutation]
 11893 | D        | Lost mutation: You are dopey. (Int -2) [potion of mutation]
 11893 | D        | Gained mutation: Your magical capacity is low. (-10% MP)
                  | [potion of mutation]
 11893 | D        | Gained mutation: You have very sharp teeth. [potion of
                  | mutation]
 12020 | D        | Noticed a deep elf blademaster
 12020 | D        | Noticed a deep elf blademaster
 12020 | D        | Noticed a deep elf blademaster
 12028 | D        | Killed a deep elf blademaster
 12030 | D        | Gained mutation: Armour fits poorly on your strangely
                  | shaped body. [mutagenic glow]
 12038 | D        | Killed a deep elf blademaster
 12049 | D        | Killed a deep elf blademaster
 12067 | D        | Gained mutation: You are frail. (-10% HP) [mutagenic glow]
 12261 | D        | Noticed a storm dragon
 12261 | D        | Noticed Nikola
 12280 | D        | Killed Nikola
 12280 | D        | Received a gift from Trog
 12282 | D        | Killed a storm dragon
 12446 | D        | Received a gift from Trog
 12564 | D        | Noticed Mara
 12570 | D        | Noticed mhtbhm's illusion
 12579 | D        | Killed Mara
 12595 | D        | Received a gift from Trog
 12907 | D        | Noticed an ancient champion
 12910 | D        | Killed an ancient champion
 12911 | D        | Identified the +11 great mace of Faires {vamp, *Rage rElec
                  | Str+2}
 13050 | D        | Noticed Frederick
 13070 | D        | Killed Frederick
 13070 | D        | Identified the +10 mace "Jafrics" {flame, *Rage rF+ rC++
                  | Dex+3} (Trog gifted it to you in the Dungeon)
 13070 | D        | Received a gift from Trog
 13241 | D        | Noticed a lich
 13246 | D        | Killed a lich
 13246 | D        | Received a gift from Trog
 13257 | D        | Noticed a shadow dragon
 13257 | D        | Noticed a shadow dragon
 13270 | D        | Killed a shadow dragon
 13274 | D        | Killed a shadow dragon
 13275 | D        | Reached skill level 27 in Shields
 13515 | D        | Received a gift from Trog
 13516 | D        | Reached XP level 16. HP: 164/164 MP: 13/13
 13530 | D        | Noticed a shadow dragon
 13530 | D        | Noticed a shadow dragon
 13531 | D        | Noticed a quicksilver dragon
 13551 | D        | Killed a shadow dragon
 13554 | D        | Received a gift from Trog
 13576 | D        | Received a gift from Trog
 13578 | D        | Reached skill level 27 in Armour
 13579 | D        | Reached skill level 5 in Evocations
 13587 | D        | Killed a shadow dragon
 13587 | D        | Received a gift from Trog
 13594 | D        | Killed a quicksilver dragon
 13594 | D        | Received a gift from Trog
 13644 | D        | Got a silver rune of Zot
 13672 | D        | Acquired 868 gold pieces
 13850 | D        | Noticed a royal mummy
 13850 | D        | Noticed a royal mummy
 13850 | D        | Found the +7 lajatang of Order {silver, rMut}
 13852 | D        | Received a gift from Trog
 13853 | D        | Received a gift from Trog
 13869 | D        | Killed a royal mummy
 13871 | D        | Killed a royal mummy
 13872 | D        | Reached skill level 27 in Dodging
 13872 | D        | Reached skill level 10 in Evocations
 14013 | D        | Got a golden rune of Zot
 14119 | D        | Acquired a manual of Evocations
 14123 | D        | Acquired 1108 gold pieces
 14127 | D        | Acquired 528 gold pieces
 14132 | D        | Acquired the ring of Zyitwegg {+Blink rPois rC+ Dex+3 SInv}
 14140 | D        | Acquired the +0 hat "Cian" {Rampage rN+ SInv Stlth+}
 14235 | D        | Noticed Mennas
 14259 | D        | Killed Mennas
 14259 | D        | Received a gift from Trog
 14365 | D        | Reached skill level 15 in Evocations
 14485 | D        | Noticed Geryon
 14491 | D        | Received a gift from Trog
 14513 | D        | Killed Geryon
 14514 | D        | Reached skill level 5 in Throwing
 14706 | D        | Noticed the Serpent of Hell
 14715 | D        | Noticed a quicksilver dragon
 14722 | D        | Killed the Serpent of Hell
 14723 | D        | Reached XP level 17. HP: 171/171 MP: 14/14
 14776 | D        | Noticed a Brimstone Fiend
 14789 | D        | Killed a Brimstone Fiend
 14789 | D        | Received a gift from Trog
 15069 | D        | HP: 4/171 [hellion/damnation (24)]
 15070 | D        | Killed from afar by a hellion

Illustrated notes

Levels and vault maps discovered:
D:        dungeon_sprint_mu [sprint_mu_entry_cave, sprint_mu_temple_rooms,
          sprint_mu_d1_horrors, sprint_mu_d2_genie, sprint_mu_d3_branching,
          sprint_mu_orc_legion, sprint_mu_elf_gauntlet, sprint_mu_hive_nellie,
          sprint_mu_lair_fedhas, sprint_mu_vaults_butterflies,
          sprint_mu_slime_circle, sprint_mu_shoals_archi,
          sprint_mu_snake_twists, sprint_mu_blade_basic, sprint_mu_crypt_lich,
          sprint_mu_tomb_spiral, sprint_mu_vestibule_basic,
          sprint_mu_gehenna_hellfire, sprint_mu_dis_giant,
          sprint_mu_tartarus_statrot, sprint_mu_cocytus_islands, sprint_mu_zot1]

Skill      XL: |  1  2  3  4  5  6  7  8  9 10 11 12 13 14 15 16 17 |
---------------+----------------------------------------------------+-----
Fighting       | 5 7 8 11 13 14 16 18 21 24 26 27 | 27.0
Maces & Flails | 5 7 9 12 14 16 18 20 22 24 26 27 | 27.0
Armour         | 3 4 6 7 8 9 12 15 22 25 27 | 27.0
Dodging        | 3 4 6 7 8 10 12 14 15 16 19 21 27 | 27.0
Stealth        | 1 3 5 7 8 |  8.2
Evocations     | 1 2 3 18 19 | 19.0
Throwing       | 2 3 8 |  8.9
Shields        | 4 16 27 | 27.0

Action                   |  1- 3 |  4- 6 |  7- 9 | 10-12 | 13-15 | 16-18 || total
-------------------------+-------+-------+-------+-------+-------+-------++-------
Melee: Mace              |    24 |    13 |    50 |       |       |       ||    87
       Headbutt          |     3 |     2 |    16 |    43 |   124 |    38 ||   226
       Great mace        |       |       |    17 |    79 |       |       ||    96
       Eveningstar       |       |       |       |   146 |   468 |   113 ||   727
       Maul              |       |       |       |     2 |       |       ||     2
       Morningstar       |       |       |       |       |    18 |       ||    18
       Bite              |       |       |       |       |    29 |    17 ||    46
Throw: Javelin           |       |       |       |     4 |       |     8 ||    12
       Dart              |       |       |       |       |       |     2 ||     2
Invok: Berserk           |     3 |     2 |     7 |    17 |    26 |     5 ||    60
       Brothers in Arms  |       |       |     1 |     1 |     3 |     3 ||     8
       Trog's Hand       |       |       |       |       |       |     1 ||     1
Evoke: Condenser vane    |       |       |       |     3 |     1 |     4 ||     8
       Tin of tremorston |       |       |       |       |       |     4 ||     4
       Box of beasts     |       |       |       |       |       |     1 ||     1
  Use: Scroll            |     2 |       |       |     2 |     7 |     9 ||    20
       Potion            |       |       |       |     2 |     3 |     5 ||    10
 Stab: Sleeping          |       |       |       |     1 |     1 |       ||     2
       Confused          |       |       |       |     1 |       |       ||     1
       Distracted        |       |       |       |       |     2 |       ||     2
Armor: Animal skin       |     3 |       |     7 |       |       |       ||    10
       Ring mail         |       |       |       |    21 |       |       ||    21
       Scale mail        |       |       |       |       |    31 |       ||    31
       Chain mail        |       |       |       |       |    92 |       ||    92
       Plate armour      |       |       |       |       |     7 |    38 ||    45
Dodge: Dodged            |     9 |     2 |    41 |   110 |   157 |    45 ||   364
Block: Other             |       |       |       |       |    27 |       ||    27
       Reflection        |       |       |       |       |    18 |    28 ||    46
       Tower shield      |       |       |       |       |   280 |   185 ||   465

Table legend: (Time is in decaauts) A = Elapsed time spent in this place. B = Non-inter-level travel time spent in this place. C = Inter-level travel time spent in this place. D = Time resting spent in this place. E = Time spent auto-exploring this place. F = Levels seen in this place. G = Mean time per level. A B C D E F G +--------+--------+--------+--------+--------+-----+--------+ Total | 15525 | 15384 | 141 | 11036 | 10 | 1 | 15525.0 | Dungeon | 15525 | 15384 | 141 | 11036 | 10 | 1 | 15525.0 | +--------+--------+--------+--------+--------+-----+--------+

Top non-repeatable levels by time:
       D: 15525 daAuts
